 Dungeon Crawl Stone Soup version 0.30-a0-591-g3c58d2bc28 (webtiles) character file.

Game seed: 5172249641075818736

6412 Newt the Carver (level 10, -18/79 HPs)
             Began as a Demonspawn Gladiator on Jan 5, 2023.
             Was an Initiate of Gozag.
             Demolished by an orc warlord
             ... wielding a +5 broad axe
              (39 damage)
             ... in a bailey.
             The game lasted 00:11:14 (9763 turns).

Newt the Carver (Demonspawn Gladiator)              Turns: 9763, Time: 00:11:14

Health: -18/79     AC: 27    Str: 27    XL:     10   Next: 66%
Magic:  10/10      EV: 10    Int: 13    God:    Gozag
Gold:   1093       SH:  0    Dex: 12    Spells: 9/9 levels left

rFire   . . .      SeeInvis +    p - +9 sword of Power
rCold   + . .      Faith    .    (shield currently unavailable)
rNeg    . . .      Spirit   .    o - +1 chain mail of the Volcano {Str+2}
rPois   .          Reflect  .    (helmet unavailable)
rElec   .          Harm     .    (no cloak)
rCorr   .          Rampage  .    v - +2 pair of gloves {Str+3}
Will    .....                    i - +3 pair of mountain boots {steadfast, rC+} Stlth
                                 k - amulet of magic regeneration
HPRegen 0.33/turn                (no ring)
MPRegen 0.52/turn                (no ring)

@: mighty, sanguine armoured
A: antennae 3, ignite blood 2, spiny 1, sanguine armour 2, hooves 1, clever 1,
strong 1, no potion heal 1
a: Renounce Religion, Potion Petition, Call Merchant, Bribe Branch


You were in a bailey.
You worshipped Gozag.
Gozag was most pleased with you.
You visited 1 branch of the dungeon, and saw 9 of its levels.
You also visited: Bailey.

You collected 3009 gold pieces.
You spent 1276 gold pieces at shops.
You paid 640 gold pieces to Gozag.

Inventory:

Hand Weapons
 a - a +1 rapier
 p - the +9 sword of Power (weapon)
   (You found it on level 2 of the Dungeon)

   It occasionally discharges a powerful but inaccurate bolt of energy upon
   striking a foe, with increased chance the greater the wielder's current
   health.
 B - the +6 falchion of Reinforcement {venom, rElec}
   (You found it on level 5 of the Dungeon)

   rElec:     It insulates you from electricity.
Missiles
 d - 2 throwing nets (quivered)
 e - a javelin
 h - 108 stones
 l - 3 atropa-tipped darts
Armour
 b - a +0 leather armour
 c - a +0 helmet
 g - a +1 pair of gloves
 i - the +3 pair of mountain boots (worn) {steadfast, rC+}
   (You bought it in a shop on level 6 of the Dungeon)

   It prevents involuntary movement, except for blinking, teleportation, or
   banishment.
   rC:        It protects you from cold.
 o - the +1 chain mail of the Volcano (worn) {Str+2}
   (You bought it in a shop on level 6 of the Dungeon)

   Str:       It affects your strength (+2).
 v - a +2 pair of gloves of strength (worn)
 D - a +0 pair of boots of rampaging
 M - a +2 ring mail of fire resistance
Jewellery
 k - an amulet of magic regeneration (around neck)
Wands
 z - a wand of flame (28)
 K - a wand of iceblast (6)
 L - a wand of paralysis (23)
Scrolls
 s - 3 scrolls of immolation
 t - 3 scrolls of enchant armour
 x - 2 scrolls of blinking
 y - 2 scrolls of enchant weapon
 F - 3 scrolls of teleportation
 G - a scroll of vulnerability
 J - a scroll of magic mapping
 N - a scroll of fog {unknown}
 O - a scroll of poison {unknown}
 P - a scroll of brand weapon {unknown}
Potions
 f - 2 potions of might
 j - a potion of degeneration
 m - a potion of attraction
 n - 3 potions of heal wounds
 q - 2 potions of mutation
 r - 2 potions of flight {unknown}
 u - 4 potions of haste {unknown}
 w - 2 potions of lignification {unknown}
 A - a potion of resistance {unknown}
 C - 3 potions of curing {unknown}
 E - 2 potions of magic {unknown}
 H - 2 potions of invisibility {unknown}
 I - 2 potions of brilliance {unknown}


   Skills:
 + Level 7.6 Fighting
 - Level 2.6(6.7) Short Blades
 - Level 9.8(10.0) Long Blades
 - Level 1.7 Throwing
 - Level 6.0 Armour
 - Level 4.0 Dodging
 - Level 2.0 Stealth
 - Level 6.0 Evocations


You had 9 spell levels left.
You didn't know any spells.
Your spell library contained the following spells:

 Spells                   Type           Power      Damage    Failure   Level
 Apportation              Tloc           0%         N/A       86%         1
 Beastly Appendage        Tmut           0%         N/A       86%         1
 Freeze                   Ice            0%         1d3       86%         1
 Magic Dart               Conj           0%         1d3       86%         1
 Blink                    Tloc           0%         N/A       94%         2
 Momentum Strike          Conj/Tloc      0%         3d8       94%         2
 Searing Ray              Conj           0%         2d4       94%         2
 Static Discharge         Conj/Air       0%         2-2/arc   94%         2
 Wereblood                Tmut           0%         N/A       94%         2
 Frozen Ramparts          Ice            0%         1d1       99%         3
 Hailstorm                Conj/Ice       0%         3d3       99%         3
 Lesser Beckoning         Tloc           0%         N/A       99%         3
 Spider Form              Tmut/Pois      0%         N/A       99%         3
 Swiftness                Air            0%         N/A       99%         3
 Fulminant Prism          Conj/Hex       0%         3d5       100%        4
 Alistair's Intoxication  Tmut/Pois      0%         N/A       100%        5
 Blade Hands              Tmut           0%         N/A       100%        5
 Irradiate                Conj/Tmut      0%         3d11      100%        5
 Conjure Ball Lightning   Conj/Air       0%         3x3d6     100%        6
 Dragon Form              Tmut           0%         N/A       100%        7
 Chain Lightning          Conj/Air       0%         N/A       100%        9


Dungeon Overview and Level Annotations

Branches:
Dungeon (9/15)             Temple (0/1) D:5          Bailey (1/1)
   Lair: D:8-11         Orc: D:9-12

Altars:
Gozag
Qazlal

Shops:
D:3 (   D:6 [[   D:7 *


Innate Abilities, Weirdness & Mutations

You have a pair of large antennae on your head. (SInv)
Your demonic aura often causes spilled blood to erupt in flames.
You are partially covered in sharp spines.
When seriously injured, your blood forms thick armour. (AC +9)
You have large cloven feet.
Your mind is acute. (Int +4, Str/Dex -1)
Your muscles are strong. (Str +4, Int/Dex -1)
Potions are less effective at restoring your health.


Message History

You throw a throwing net. The throwing net hits the orc warlord.
The orc warlord is caught in the net!
The orc warlord is lightly wounded.
The orc warrior no longer looks unusually strong.
The orc knight struggles against the net.
The orc warlord is engulfed in blazing flames.
The orc warlord roars a battlecry!
The orcs go into a battle-frenzy!
The orc warlord struggles against the net.
You hit the orc warlord.
The orc warlord is moderately wounded.
The orc warrior no longer looks unusually strong.
The orc no longer looks unusually strong. x2
The orc knight struggles against the net.
You slash the orc warlord!
The orc warlord is moderately wounded.
The orc warlord is engulfed in blazing flames.
The orc warlord roars a battlecry!
The orcs go into a battle-frenzy!
The orc warlord struggles against the net.
The orc knight struggles against the net.
You slice the orc warlord!!
The orc warlord is severely wounded.
The orc knight struggles against the net.
The orc warlord is engulfed in blazing flames.
The orc warlord struggles against the net.
The orc knight struggles against the net.
The net rips apart, and the orc knight comes free!
You slash the orc warlord!
The orc warlord is severely wounded.
The orc warlord is engulfed in blazing flames.
The orc warlord struggles against the net.
The net rips apart, and the orc warlord comes free!
The orc warrior is engulfed in blazing flames.
You closely miss the orc warlord.
The orc warlord is almost dead.
The orc warlord is engulfed in blazing flames.
The orc warlord hits you with a +5 broad axe!!!
You die...
Your body crumbles into a pile of gold.

#...........#.........
#...........#......)).
###.).......###.....)).
###.#'#.....###.###.....#
###..)))###.###....{###.###
##....)))..###...... ###..
#..........8##...... $$#...
#..........8#oo..... $$#...
#∩....⌠....@oog).... $ #...
#..........8#oo..... $$#...
#..........8##...... $$#...
##.........###....$. ###..
###.....###.###.$..{###.###
###.#'#.....###.###.....#
###)).......###........
#..)........#.........
#...........#.........


You could see an orc warlord (strong), an orc knight (strong), 2 orc warriors, 2
orcs and a goblin.

Vanquished Creatures
  Pikel (D:9)
  Joseph (D:8)
  Maggie (D:7)
  Sigmund (D:4)
  6 yaks (D:9)
  2 steam dragons
  Grum (D:8)
  Menkaure (D:4)
  A water moccasin (D:6)
  An ice beast (D:5)
  9 orc warriors (Bailey)
  3 ogres
  2 black bears
  2 centaurs
  3 wolves (D:8)
  A phantom (D:5)
  A lemure (D:9)
  3 scorpions
  A wyvern skeleton (D:5)
  4 wights (D:8)
  3 howler monkeys (D:8)
  2 bullfrog zombies (D:5)
  4 jellies
  3 hounds
  An orc priest (D:5)
  3 gnoll boudas
  Ijyb (D:5)
  10 iguanas
  A scorpion zombie (D:5)
  3 orc wizards
  A hound skeleton (D:5)
  25 gnolls
  9 adders
  A shadow imp (D:8)
  2 ufetubi
  7 worms
  A dart slug (D:4)
  41 orcs
  3 ball pythons
  5 endoplasms
  5 giant cockroaches
  16 goblins
  13 hobgoblins
  6 jackals
  4 quokkas
  6 bats
  4 frilled lizards
  6 kobolds
  7 rats
  A bush (D:8)
239 creatures vanquished.

Vanquished Creatures (others)
  An orc wizard (D:8)
  2 withered plants (D:5)
3 creatures vanquished.

Grand Total: 242 creatures vanquished

Notes
Turn   | Place    | Note
-------+----------+-------------------------------------------
     0 | D:1      | Newt the Demonspawn Gladiator began the quest for the Orb.
     0 | D:1      | Reached XP level 1. HP: 16/16 MP: 1/1
    59 | D:1      | Reached skill level 1 in Stealth
   103 | D:1      | Gained mutation: You have a pair of small antennae on your
                  | head. [demonic ancestry]
   103 | D:1      | Reached XP level 2. HP: 20/22 MP: 2/2
   392 | D:1      | Found a faded altar of an unknown god.
  1111 | D:2      | Found an opulent altar of Gozag.
  1119 | D:2      | Became a worshipper of Gozag Ym Sagoz the Greedy
  1220 | D:2      | Gained mutation: You have a pair of antennae on your head.
                  | [demonic ancestry]
  1220 | D:2      | Reached XP level 3. HP: 27/28 MP: 3/3
  1711 | D:2      | Found the +9 sword of Power
  2273 | D:3      | Found Tangid's Weapon Emporium.
  2358 | D:3      | Reached XP level 4. HP: 31/37 MP: 4/4
  2764 | D:3      | Reached skill level 1 in Long Blades
  3225 | D:4      | Noticed a black bear
  3230 | D:4      | Killed a black bear
  3231 | D:4      | Reached skill level 3 in Long Blades
  3231 | D:4      | Gained mutation: Your demonic aura sometimes causes spilled
                  | blood to erupt in flames. [demonic ancestry]
  3231 | D:4      | Reached XP level 5. HP: 27/42 MP: 5/5
  3804 | D:4      | Gained mutation: When seriously injured, your blood forms
                  | armour. (AC +9) [demonic ancestry]
  3804 | D:4      | Reached XP level 6. HP: 40/48 MP: 6/6
  3941 | D:4      | Noticed Sigmund
  3997 | D:5      | Entered Level 5 of the Dungeon
  4004 | D:5      | Reached skill level 4 in Long Blades
  4151 | D:4      | Reached skill level 5 in Long Blades
  4185 | D:4      | Killed Sigmund
  4186 | D:4      | Gained mutation: You have a pair of large antennae on your
                  | head. (SInv) [demonic ancestry]
  4186 | D:4      | Reached XP level 7. HP: 54/54 MP: 7/7
  4597 | D:4      | Reached skill level 1 in Armour
  4697 | D:4      | Noticed Menkaure
  4704 | D:4      | Killed Menkaure
  4705 | D:4      | Gained mutation: When seriously injured, your blood forms
                  | thick armour. (AC +9) [demonic ancestry]
  4705 | D:4      | Reached XP level 8. HP: 37/60 MP: 8/8
  5278 | D:5      | Found a staircase to the Ecumenical Temple.
  5401 | D:5      | Reached skill level 5 in Fighting
  5487 | D:5      | Noticed Ijyb
  5494 | D:5      | Killed Ijyb
  5805 | D:5      | Reached skill level 6 in Long Blades
  5815 | D:5      | Identified the +6 falchion of Reinforcement {venom, rElec}
  5948 | D:6      | Identified a scroll of acquirement
  5948 | D:6      | Acquired 1194 gold pieces
  5951 | D:6      | Bought the +3 pair of mountain boots {steadfast, rC+} for
                  | 469 gold pieces
  5951 | D:6      | Found the +3 pair of mountain boots {steadfast, rC+}
  5951 | D:6      | Bought the +1 chain mail of the Volcano {Str+2} for 289
                  | gold pieces
  5951 | D:6      | Bought a +2 pair of gloves of strength for 301 gold pieces
  6099 | D:6      | Reached skill level 7 in Long Blades
  6235 | D:6      | Gained mutation: You are partially covered in sharp spines.
                  | [demonic ancestry]
  6235 | D:6      | Reached XP level 9. HP: 61/69 MP: 9/9
  6323 | D:6      | Got Ywkotif's Parchment of Foggy Kinetic Energy
  6376 | D:6      | Found Aciac's Antique Armour Emporium.
  6385 | D:6      | Bought a pair of embroidered boots for 217 gold pieces
  6649 | D:6      | Found a stormy altar of Qazlal.
  6772 | D:7      | Reached skill level 8 in Long Blades
  7232 | D:7      | Noticed Maggie
  7237 | D:7      | Killed Maggie
  7276 | D:7      | Gained mutation: Potions are less effective at restoring
                  | your health. [potion of mutation]
  7276 | D:7      | Gained mutation: You occasionally lose the ability to read
                  | scrolls when taking damage. [potion of mutation]
  7276 | D:7      | Gained mutation: You are resistant to electric shocks.
                  | (rElec) [potion of mutation]
  7276 | D:7      | Gained mutation: You are agile. (Dex +4, Str/Int -1)
                  | [potion of mutation]
  7277 | D:7      | Lost mutation: You are resistant to electric shocks.
                  | (rElec) [potion of mutation]
  7277 | D:7      | Lost mutation: You occasionally lose the ability to read
                  | scrolls when taking damage. [potion of mutation]
  7277 | D:7      | Lost mutation: You are agile. (Dex +4, Str/Int -1) [potion
                  | of mutation]
  7277 | D:7      | Gained mutation: You have large cloven feet. [potion of
                  | mutation]
  7277 | D:7      | Gained mutation: Your muscles are strong. (Str +4, Int/Dex
                  | -1) [potion of mutation]
  7277 | D:7      | Gained mutation: Your mind is acute. (Int +4, Str/Dex -1)
                  | [potion of mutation]
  7389 | D:7      | Reached skill level 9 in Long Blades
  7415 | D:7      | Found Jusuis's Assorted Antiques.
  8202 | D:8      | Noticed Joseph
  8211 | D:8      | Killed Joseph
  8212 | D:8      | Reached skill level 5 in Armour
  8399 | D:8      | Noticed Grum
  8409 | D:8      | Killed Grum
  8410 | D:8      | Reached skill level 1 in Evocations
  8410 | D:8      | Gained mutation: Your demonic aura often causes spilled
                  | blood to erupt in flames. [demonic ancestry]
  8410 | D:8      | Reached XP level 10. HP: 25/76 MP: 10/10
  9133 | D:9      | Noticed Pikel
  9139 | D:9      | Killed Pikel
  9140 | D:9      | Reached skill level 5 in Evocations
  9145 | D:9      | Found a flagged portal.
  9159 | Bailey   | Entered a bailey
  9741 | Bailey   | Noticed an orc warlord
  9742 | Bailey   | Noticed an orc knight
  9763 | Bailey   | Demolished by an orc warlord

Illustrated notes

Levels and vault maps discovered:
D:1:      dpeg_arrival_houses_and_road, layout_loops_corners,
          shapermc_ecumenical_altar_mp_vishouse
D:2:      layout_basic, basic_altar, amethyst_killhole,
          chequers_serial_rivers_small_b, grunt_decor_mini_mirrors,
          nrook_campfire, corexii_leaking_fountain, nicolae_figureground_sparkle
D:3:      layout_loops_ring, serial_shops, nicolae_shop_bloodbath_and_beyond,
          minivault_25, grunt_decor_one_mirror
D:4:      layout_basic, nicolae_wormholes, uniq_sigmund, uniq_menkaure
D:5:      layout_loops_cross, minmay_temple_entry_sparse_star, serial_undead,
          serial_undead_f, serial_undead_c, serial_undead_d, serial_undead_e,
          minmay_misc_feat_tower, minmay_checkerbox, uniq_ijyb
D:6:      layout_basic, lemuel_coloured_pillars_altar, serial_shops, shop_statue
D:7:      layout_loops_ring, serial_shops, nicolae_shop_window_shopping,
          reono_crystal_passage, uniq_maggie
D:8:      layout_loops_cross, kb_lookout_dungeons_type, uniq_grum, uniq_joseph
D:9:      layout_roguey, xom_shifter_show, enter_bailey_4, uniq_pikel
Bailey:   bailey_axe_minmay_hex_keep, bailey

Skill      XL: |  1  2  3  4  5  6  7  8  9 10 |
---------------+-------------------------------+-----
Stealth        | 1 2 |  2.0
Fighting       | 3 4 6 7 |  7.6
Long Blades    | 3 5 7 9 |  9.8
Dodging        | 3 4 |  4.0
Armour         | 3 4 6 |  6.0
Evocations     | 1 6 |  6.0
Short Blades   | |  2.6
Throwing       | |  1.7

Action                   |  1- 3 |  4- 6 |  7- 9 | 10-12 || total
-------------------------+-------+-------+-------+-------++-------
Melee: Rapier            |   146 |       |       |       ||   146
       Punch             |     1 |       |       |       ||     1
       Great sword       |    22 |    74 |   197 |   104 ||   397
Throw: Throwing net      |       |       |       |     2 ||     2
Invok: Call Merchant     |       |       |     1 |       ||     1
  Use: Scroll            |     3 |     3 |     4 |     5 ||    15
       Potion            |       |     3 |     2 |     1 ||     6
 Stab: Sleeping          |     4 |     2 |     4 |       ||    10
       Distracted        |       |       |     3 |     1 ||     4
Armor: Leather armour    |    69 |    17 |    23 |       ||   109
       Chain mail        |       |       |    76 |    43 ||   119
Dodge: Dodged            |   131 |    62 |   114 |    59 ||   366

Table legend: (Time is in decaauts)
 A = Elapsed time spent in this place.
 B = Non-inter-level travel time spent in this place.
 C = Inter-level travel time spent in this place.
 D = Time resting spent in this place.
 E = Time spent auto-exploring this place.
 F = Levels seen in this place.
 G = Mean time per level.
                   A        B        C        D        E       F      G
               +--------+--------+--------+--------+--------+-----+--------+
         Total |   9908 |   9653 |    255 |   1999 |   6035 |  10 |  990.8 |
       Dungeon |   9290 |   9035 |    255 |   1754 |   5805 |   9 | 1032.2 |
        Bailey |    618 |    618 |      0 |    245 |    230 |   1 |  618.0 |
               +--------+--------+--------+--------+--------+-----+--------+

Top non-repeatable levels by time:
     D:4: 1830 daAuts
     D:8: 1511 daAuts
     D:2: 1145 daAuts
     D:1: 1115 daAuts
     D:3: 997 daAuts
     D:5: 937 daAuts
     D:6: 847 daAuts
     D:7: 784 daAuts
  Bailey: 618 daAuts
     D:9: 121 daAuts
